 Dungeon Crawl Stone Soup version 0.25-a0-661-g55ea3d2053 (webtiles) character file.

Game seed: 16328881254453211358, levelgen mode: deterministic

77 DasRunzen the Slasher (level 3, -8/30 HPs)
             Began as a Demigod Gladiator on Mar 23, 2020.
             Killed from afar by an orc wizard (12 damage)
             ... with a puff of frost
             ... on level 3 of the Dungeon.
             The game lasted 00:02:45 (1902 turns).

DasRunzen the Slasher (Demigod Gladiator)           Turns: 1902, Time: 00:02:46

Health: -8/30      AC:  4    Str: 17    XL:     3   Next: 92%
Magic:  6/7        EV: 13    Int: 14    God:
Gold:   78         SH:  0    Dex: 17    Spells: 4/4 levels left

rFire    . . .     SeeInvis .   a - +2 long sword
rCold    . . .     Gourm    .   (no shield)
rNeg     . . .     Faith    .   b - +0 leather armour
rPois    .         Spirit   .   c - +0 helmet
rElec    .         Reflect  .   (no cloak)
rCorr    .         Harm     .   (no gloves)
MR       .....                  (no boots)
Stlth    +.........             (no amulet)
HPRegen  0.10/turn              (no ring)
MPRegen  0.10/turn              (no ring)

@: no status effects
A: high mp 1
a: no special abilities


You were on level 3 of the Dungeon.
You were very hungry.

You visited 1 branch of the dungeon, and saw 3 of its levels.

You collected 78 gold pieces.

Inventory:

Hand Weapons
 a - a +2 long sword (weapon)
Missiles
 d - 3 throwing nets (quivered)
Armour
 b - a +0 leather armour (worn)
 c - a +0 helmet (worn)
Scrolls
 i - 2 scrolls of remove curse
 n - 2 scrolls of identify {unknown}
 o - a scroll of immolation {unknown}
Potions
 e - a potion of experience {unknown}
 g - a potion of haste {unknown}
 h - a potion of degeneration {unknown}
 j - a potion of heal wounds {unknown}
 k - 2 potions of mutation {unknown}
 l - 2 potions of curing {unknown}
 m - a potion of lignification {unknown}
Comestibles
 f - 10 rations


   Skills:
 + Level 2.3 Fighting
 + Level 3.1 Long Blades
 - Level 1.7 Throwing
 + Level 1.3 Armour
 + Level 3.1 Dodging
 + Level 1.1 Spellcasting


You had 4 spell levels left.
You didn't know any spells.
Your spell library was empty.

Dungeon Overview and Level Annotations

Branches:
Dungeon (3/15)


Innate Abilities, Weirdness & Mutations

You have an increased reservoir of magic. (+10% MP)


Message History

The orc wizard misses you.
You riposte.
You slash the orc wizard!
The orc wizard is severely wounded.
The orc wizard hits you but does no damage.
The orc wizard closely misses you.
You hit the orc wizard.
The orc wizard is severely wounded.
The orc wizard barely misses you. The orc wizard misses you.
You hit the orc wizard.
The orc wizard is almost dead.
The orc wizard mumbles some strange words.
The orc wizard seems to speed up.
The orc wizard gestures wildly while chanting.
The orc wizard seems to speed up.
Unknown command.
You closely miss the orc wizard.
The orc wizard is almost dead.
The orc wizard barely misses you.
The orc wizard points at you and mumbles some strange words.
The puff of frost hits you!
You die...

###### ### ###
#########.#..####.# #.#
#.........#.......#####.# #.#
#).o#........#....# #.#
#..)@........#.##.# ######.#
###.#o......#....##.#
#......###.(...#####.#..####.##
.#..............#..............#
..........(....>#.###.##########
..........(.....#.....#....#
#.#############.####..#.##.#
#.#.....#.##.# #.#.##.##.##.#


You could see 2 orc wizards.

Vanquished Creatures
  An orc wizard (D:3)
  An adder (D:2)
  An ooze (D:1)
  A worm (D:2)
  A dart slug (D:1)
  2 leopard geckos
  3 giant cockroaches (D:1)
  2 hobgoblins
  4 jackals (D:2)
  A ball python (D:2)
  3 bats
  2 goblins
  4 kobolds
  3 rats
29 creatures vanquished.

Notes
Turn   | Place    | Note
-------+----------+-------------------------------------------
     0 | D:1      | DasRunzen the Demigod Gladiator began the quest for the
                  | Orb.
     0 | D:1      | Reached XP level 1. HP: 17/17 MP: 3/3
   350 | D:1      | Reached XP level 2. HP: 19/24 MP: 4/4
  1170 | D:2      | Reached XP level 3. HP: 27/29 MP: 6/6
  1221 | D:2      | Reached skill level 1 in Armour
  1795 | D:3      | Reached skill level 1 in Spellcasting
  1902 | D:3      | Killed from afar by an orc wizard

Levels and vault maps discovered:
D:1:      matt_arrival_refuge, layout_basic
D:2:      layout_basic
D:3:      layout_basic, marbit_many_paths, first_ration,
          hangedman_feature_mirror, st_stairs_5

Skill      XL: |  1  2  3 |
---------------+----------+-----
Fighting       | 2 |  2.3
Long Blades    | 3 |  3.1
Dodging        | 3 |  3.1
Armour         | 1 |  1.3
Spellcasting   | 1 |  1.1
Throwing       | |  1.7

Action                   || total
-------------------------++-------
Melee: Long sword        ||    81
  Use: Scroll            ||     5
 Stab: Sleeping          ||     1
  Eat: Chunk             ||     2
Armor: Leather armour    ||    25
Dodge: Dodged            ||    71
       Rpst.: Long sword ||    18

Table legend:
 A = Non-vault XP
 B = Vault XP
 C = Vault XP percentage of total XP
 D = Non-vault monster count
 E = Vault monster count
 F = Vault count percentage of total count
                 A         B        C        D         E       F
            +---------+---------+-------+---------+---------+-------
      Total |     111 |       0 |   0.0 |      29 |       0 |   0.0
            +---------+---------+-------+---------+---------+-------
        D:1 |      27 |       0 |   0.0 |      12 |       0 |   0.0
        D:2 |      41 |       0 |   0.0 |      14 |       0 |   0.0
        D:3 |      43 |       0 |   0.0 |       3 |       0 |   0.0
            +---------+---------+-------+---------+---------+-------
